 Dungeon Crawl Stone Soup version 0.32-a0-599-gba8f9cf90e (webtiles) character file.

Game seed: 8876464315236468434

1520 Pooter the Chopper (level 8, -5/71 HPs)
             Began as a Minotaur Fighter on Mar 2, 2024.
             Slain by Duvessa
             ... wielding a +2 rapier of freezing
              (13 damage)
             ... on level 6 of the Dungeon.
             The game lasted 00:21:58 (4624 turns).

Pooter the Chopper (Minotaur Fighter)               Turns: 4624, Time: 00:21:59

Health: -5/71      AC: 16    Str: 27    XL:     8   Next: 54%
Magic:  7/7        EV:  7    Int:  5    God:
Gold:   453        SH:  4    Dex: 12    Spells: 7/7 levels left

rFire   + . .        a - +5 hand axe of the Majestic God {pain, rPois Str+3 Dex+3}
rCold   . . .        c - +0 buckler
rNeg    . . .        A - +1 plate armour {Will+}
rPois   +            (helmet restricted)
rElec   .            (no cloak)
rCorr   +            u - +1 pair of gloves
SInv    .            j - +1 pair of boots
Will    +....        p - amulet of regeneration Stlth
                     C - ring of resist corrosion
HPRegen 1.11/turn    F - ring of protection from fire
MPRegen 0.10/turn

%: no passive effects
@: studying Evocations
A: horns 2, retaliatory headbutt
a: no special abilities


You were on level 6 of the Dungeon.
You visited 2 branches of the dungeon, and saw 7 of its levels.

You collected 453 gold pieces.

Inventory:

Hand Weapons
 a - the +5 hand axe of the Majestic God (weapon) {pain, rPois Str+3 Dex+3}
   (You found it on level 5 of the Dungeon)

   Str+3:     It affects your strength (+3).
   Dex+3:     It affects your dexterity (+3).
   rPois:     It protects you from poison.
 b - a +0 sling
   (You found it on level 2 of the Dungeon)
 e - a +2 flail of holy wrath
   (You found it on level 2 of the Dungeon)
 r - a +1 heavy flail
   (You took it off an orc on level 3 of the Dungeon)
 w - a +0 dire flail
   (You took it off Blork the orc on level 5 of the Dungeon)
 x - a +0 trident
   (You took it off an orc on level 6 of the Dungeon)
 y - a +1 war axe
Missiles
 d - 29 poisoned darts (quivered)
 Q - 58 stones
Armour
 c - a +0 buckler (worn)
 j - a +1 pair of boots (worn)
   (You found it on level 6 of the Dungeon)
 l - a scarf of shadows
   (You found it on level 1 of the Dungeon)
 u - a +1 pair of gloves (worn)
   (You found it on level 4 of the Dungeon)
 A - a +1 plate armour of willpower (worn)
   (You took it off an orc warrior on level 6 of the Dungeon)
Jewellery
 m - a +6 ring of intelligence
   (You found it on level 1 of the Dungeon)
 p - an amulet of regeneration (around neck)
   (You found it on level 2 of the Dungeon)
 C - a ring of resist corrosion (left hand)
   (You found it on level 6 of the Dungeon)
 F - a ring of protection from fire (right hand)
   (You took it off a goblin on level 3 of the Dungeon)
Wands
 B - a wand of warping (9)
   (You found it on level 6 of the Dungeon)
Scrolls
 i - a scroll of brand weapon {unknown}
 n - 3 scrolls of fear
 s - 2 scrolls of revelation
 t - a scroll of teleportation {@r4}
 v - a scroll of poison {!r}
 D - a scroll of torment {unknown}
Potions
 f - a potion of curing {unknown}
 g - a potion of attraction {!q}
 h - a potion of mutation {unknown}
 k - 2 potions of heal wounds {@q2}
 o - a potion of magic {unknown}
 q - a potion of resistance
 E - a potion of lignification {unknown}


   Skills:
 + Level 6.4 Fighting
 * Level 7.9 Axes
 * Level 6.6 Ranged Weapons
 - Level 0.3 Throwing
 - Level 3.6 Armour
 - Level 3.6 Shields
 + Level 2.1 Necromancy
 + Level 2.7 Evocations


You had 7 spell levels left.
You didn't know any spells.
Your spell library contained the following spells:

 Spells                   Type           Power      Damage    Failure   Level
 Magic Dart               Conj           0%         1d3       100%        1
 Blink                    Tloc           0%         N/A       100%        2
 Call Imp                 Summ           0%         N/A       100%        2
 Gell's Gravitas          Tloc           0%         N/A       100%        3
 Stone Arrow              Conj/Erth      0%         3d7       100%        3
 Teleport Other           Tloc           0%         N/A       100%        3
 Animate Armour           Summ/Erth      0%         N/A       100%        4
 Dispersal                Tloc           0%         N/A       100%        6
 Lehudib's Crystal Spear  Conj/Erth      0%         10d2      100%        8


Dungeon Overview and Level Annotations

Branches:
Dungeon (6/15) Zot: 26280  Temple (1/1) D:4 Zot: 5910

Altars:
Ashenzari
Cheibriados
Elyvilon
Fedhas
Gozag
Hepliaklqana
Kikubaaqudgha
Makhleb
Nemelex Xobeh
Okawaru
Qazlal
Ru
Trog
Uskayaw
Vehumet
Xom
Zin
The Shining One

Annotations:
D:6 Duvessa


Innate Abilities, Weirdness & Mutations

You have a pair of horns on your head.
You reflexively headbutt those who attack you in melee.


Message History

You start waiting.
Dowan is nearby!
You throw a poisoned dart. The poisoned dart hits Dowan.
Dowan is poisoned.
Dowan hits you but does no damage.
You writhe in agony.
You slash Dowan! Dowan hits you but does no damage.
You hit Dowan but do no damage.
Dowan writhes in agony.
You hit Dowan.
Dowan writhes in agony.
Dowan hits you but does no damage.
You writhe in agony.
You hit Dowan.
Dowan points at you and mumbles some strange words.
The puff of flame misses you.
You slash Dowan!
You kill Dowan!
You hear a distant scream of rage.
Things that are here:
a +0 dagger of pain; a +0 robe; the elf corpse of Dowan Unknown command.
d - 29 poisoned darts (gained 1) Duvessa, Sister of Dowan comes into view.
She is wielding a +2 rapier of freezing.
Duvessa shouts!
Duvessa goes berserk!
Duvessa moves out of view.
Throw: dart (curare)
Press: ? - help, Shift-Dir - straight line, f - Duvessa
Aim: Duvessa, wielding a +2 rapier of freezing and wearing a +0 leather armour (berserk, fast, 61% to hit)
You throw a curare-tipped dart. The curare-tipped dart hits Duvessa.
Duvessa is poisoned.
Duvessa struggles to breathe.
Duvessa seems to slow down.
You slash Duvessa! You headbutt Duvessa.
Duvessa hits you with a +2 rapier of freezing!
Duvessa freezes you.
You closely miss Duvessa.
Duvessa hits you with a +2 rapier of freezing!
Duvessa freezes you.
You slash Duvessa! Duvessa hits you but does no damage.
You slash Duvessa! You headbutt Duvessa, but do no damage.
Duvessa hits you with a +2 rapier of freezing.
Duvessa freezes you.
You hit Duvessa.
Duvessa hits you with a +2 rapier of freezing!
* * * LOW HITPOINT WARNING * * *
Duvessa freezes you.
* * * LOW HITPOINT WARNING * * *
You barely miss Duvessa.
Duvessa hits you with a +2 rapier of freezing!!
* * * LOW HITPOINT WARNING * * *
Duvessa freezes you!
* * * LOW HITPOINT WARNING * * *
You hit Duvessa.
Duvessa hits you with a +2 rapier of freezing!
You die...

#.###.#.##.## #.##.#
#.#.##.####.##.##
#>#...[.........#
##.####.#####....#
#.># #.# #.##.# #.##
#.# #.##<# # ##.##
#.# #.##.# #.#...##
#.# ###.##)#
...#.#.###.###.e@...#
...............######
...#.#.###.###.#
.#####.#...# #.#
.......##### #.#
.#.###.# ..# .#.# #.#
..# .#.###.##.# #.#
.#........# #.#


You could see Duvessa (berserk, fast, poisoned, slow).

Vanquished Creatures
  Sigmund (D:5)
  3 ice beasts
  An orc warrior (D:6)
  A black bear (D:6)
  2 kobold brigands
  Blork the orc (D:5)
  2 scorpions
  Dowan (D:6)
  A howler monkey (D:5)
  3 bombardier beetles
  2 hounds
  A jelly (D:5)
  2 iguanas
  3 orc wizards
  Robin (D:2)
  7 adders
  A shadow imp (D:5)
  An ufetubus (D:5)
  3 ribbon worms
  4 dart slugs
  13 orcs
  3 ball pythons
  3 bats
  4 endoplasms
  A giant cockroach (D:2)
  10 goblins
  4 hobgoblins
  5 jackals
  3 frilled lizards
  17 kobolds
  5 rats
109 creatures vanquished.

Notes
Turn   | Place    | Note
-------+----------+-------------------------------------------
     0 | D:1      | Pooter the Minotaur Fighter began the quest for the Orb.
     0 | D:1      | Reached XP level 1. HP: 19/19 MP: 0/0
    30 | D:1      | You fall into a shaft and drop 1 floor!
   339 | D:1      | Reached XP level 2. HP: 27/27 MP: 1/1
   362 | D:1      | Reached skill level 1 in Ranged Weapons
   372 | D:1      | Reached skill level 3 in Axes
  1110 | D:2      | Reached XP level 3. HP: 32/33 MP: 2/2
  1264 | D:2      | Noticed Robin
  1270 | D:2      | Killed Robin
  1654 | D:3      | Reached XP level 4. HP: 40/40 MP: 3/3
  1669 | D:3      | Found a faded altar of an unknown god.
  1760 | D:3      | Found a glowing golden altar of the Shining One.
  1856 | D:3      | Found a blossoming altar of Fedhas.
  2108 | D:4      | Found an opulent altar of Gozag.
  2134 | D:4      | Reached skill level 4 in Axes
  2145 | D:4      | Found a staircase to the Ecumenical Temple.
  2157 | Temple   | Entered the Ecumenical Temple
  2266 | D:4      | Found a white marble altar of Elyvilon.
  2453 | D:4      | Found a hazy altar of Hepliaklqana.
  2660 | D:4      | Reached XP level 5. HP: 33/47 MP: 4/4
  2698 | D:4      | Found a snail-covered altar of Cheibriados.
  2869 | D:4      | Found a hide-covered altar of Uskayaw.
  3031 | D:5      | Entered Level 5 of the Dungeon
  3236 | D:5      | Noticed Blork the orc
  3243 | D:5      | Killed Blork the orc
  3244 | D:5      | Reached skill level 5 in Axes
  3244 | D:5      | Reached XP level 6. HP: 55/55 MP: 5/5
  3312 | D:5      | Reached skill level 5 in Fighting
  3362 | D:5      | Identified the +5 hand axe of the Majestic God {pain, rPois
                  | Str+3 Dex+3}
  3380 | D:5      | Noticed Sigmund
  3381 | D:5      | Noticed an ice beast
  3388 | D:5      | Killed Sigmund
  3389 | D:5      | Reached skill level 6 in Axes
  3389 | D:5      | Reached XP level 7. HP: 59/61 MP: 6/6
  3393 | D:5      | Reached skill level 5 in Ranged Weapons
  3632 | D:5      | Reached skill level 1 in Necromancy
  3951 | D:6      | Reached skill level 7 in Axes
  4058 | D:6      | Reached skill level 1 in Evocations
  4058 | D:6      | Reached XP level 8. HP: 67/70 MP: 7/7
  4580 | D:6      | Noticed Dowan
  4598 | D:6      | Killed Dowan
  4613 | D:6      | Noticed Duvessa
  4624 | D:6      | Slain by Duvessa

Illustrated notes

Levels and vault maps discovered:
D:1:      dpeg_arrival_rooms_with_view, layout_basic
D:2:      layout_basic, minmay_misc_feat_alley, uniq_robin
D:3:      layout_rooms, fedhas_ov_isle_minmay, tso_oasis_becter,
          shapermc_ecumenical_altar_flowoftime, minivault_24
D:4:      layout_basic, amcnicky_altar_gilded, kennysheep_mini_moat,
          mainiacjoe_overflow_alcove_4, kennysheep_slug_shrine,
          nicolae_gozag_cash_rules_everything_around_me,
          minmay_temple_entry_glass, hangedman_abyss_or_decor_stabs
D:5:      layout_loops_ring, minmay_manual_mess, uniq_sigmund,
          uniq_blork_the_orc
D:6:      layout_loops_ring, hangedman_decor_push, minivault_5, minivault_1,
          minmay_misc_feat_encased, hangedman_decor_clover_reticule,
          uniq_duvessa
Temple:   minmay_temple_curvy_loop

Skill      XL: |  1  2  3  4  5  6  7  8 |
---------------+-------------------------+-----
Ranged Weapons | 1 2 3 4 5 6 |  6.6
Axes           | 3 4 5 6 7 |  7.9
Fighting       | 4 5 6 |  6.4
Necromancy     | 1 2 |  2.1
Evocations     | 1 2 |  2.7
Throwing       | |  0.3
Armour         | |  3.6
Shields        | |  3.6

Action                     |  1- 3 |  4- 6 |  7- 9 || total
---------------------------+-------+-------+-------++-------
  Melee: War axe           |    58 |    77 |       ||   135
         Headbutt          |     4 |    12 |     8 ||    24
         Hand axe          |       |     6 |   105 ||   111
   Fire: Sling             |    50 |    22 |       ||    72
  Throw: Dart              |       |       |     3 ||     3
    Use: Scroll            |     2 |     5 |     2 ||     9
         Potion            |       |     2 |       ||     2
 Armour: Scale mail        |     5 |       |       ||     5
         Chain mail        |    59 |    78 |    33 ||   170
         Plate armour      |       |       |    32 ||    32
  Dodge: Dodged            |    30 |    24 |    21 ||    75
  Block: Buckler           |    13 |    21 |    17 ||    51

Table legend: (Time is in decaauts)
 A = Elapsed time spent in this place.
 B = Non-inter-level travel time spent in this place.
 C = Inter-level travel time spent in this place.
 D = Time resting spent in this place.
 E = Time spent auto-exploring this place.
 F = Levels seen in this place.
 G = Mean time per level.
                   A        B        C        D        E       F      G
               +--------+--------+--------+--------+--------+-----+--------+
         Total |   4696 |   4563 |    133 |    107 |   3448 |   7 |  670.9 |
       Dungeon |   4606 |   4473 |    133 |    107 |   3448 |   6 |  767.7 |
        Temple |     89 |     89 |      0 |      0 |      0 |   1 |   89.0 |
               +--------+--------+--------+--------+--------+-----+--------+

Top non-repeatable levels by time:
     D:4: 894 daAuts
     D:5: 841 daAuts
     D:1: 794 daAuts
     D:2: 787 daAuts
     D:6: 718 daAuts
     D:3: 570 daAuts
  Temple: 89 daAuts
